 Dungeon Crawl Stone Soup version 0.22-a0-159-g7ce444f (webtiles) character file.

25 KristoblXynda the Slasher (level 2, 0/24 HPs)
             Began as a Draconian Gladiator on Feb 9, 2018.
             Slain by a gnoll
             ... wielding a +0 halberd
              (11 damage)
             ... on level 1 of the Dungeon.
             The game lasted 00:00:57 (326 turns).

KristoblXynda the Slasher (Draconian Gladiator)      Turns: 326, Time: 00:00:58

Health: 0/24       AC:  4    Str: 16    XL:     2   Next: 86%
Magic:  2/2        EV: 13    Int:  8    God:
Gold:   34         SH:  0    Dex: 12    Spells: 1/1 levels left

rFire    . . .     SeeInvis .   a - +0 long sword
rCold    . . .     Gourm    .   (no shield)
rNeg     . . .     Faith    .   (armour unavailable)
rPois    .         Spirit   .   b - +0 hat
rElec    .         Reflect  .   (no cloak)
rCorr    .         Harm     .   (no gloves)
MR       .....                  (no boots)
Stlth    +.........             (no amulet)
HPRegen  0.08/turn              (no ring)
MPRegen  0.08/turn              (no ring)

@: no status effects
A: unfitting armour, cold-blooded, AC +4
a: no special abilities


You were on level 1 of the Dungeon.
You were not hungry.

You visited 1 branch of the dungeon, and saw 1 of its levels.

You collected 34 gold pieces.

Inventory:

Hand Weapons
 a - a +0 long sword (weapon)
Missiles
 c - 3 throwing nets (quivered)
Armour
 b - a +0 hat (worn)
Scrolls
 f - a scroll of enchant armour {unknown}
 h - a scroll of blinking {unknown}
 i - 2 scrolls of identify {unknown}
 j - a scroll of remove curse {unknown}
 k - a scroll of enchant weapon {unknown}
Potions
 e - 2 potions of degeneration {unknown}
 g - 2 potions of curing {unknown}
 l - a potion of berserk rage {unknown}
Comestibles
 d - 3 rations


   Skills:
 - Level 2.1 Fighting
 * Level 3.6 Long Blades
 - Level 2.1 Throwing
 + Level 3.0 Dodging


You had one spell level left.
You didn't know any spells.

Dungeon Overview and Level Annotations

Branches:
Dungeon (1/15)

Altars:


Innate Abilities, Weirdness & Mutations

Your plain brown scales are hard. (AC +4)
You cannot fit into any form of body armour.
You are cold-blooded and may be slowed by cold attacks.


Message History

You kill the hobgoblin!
i - 2 scrolls labeled CEXA IHONIULL (gained 1)
You see here a club.
You now have 34 gold pieces (gained 11).
l - a fuming inky potion Key pressed, stopping explore.
d - 3 rations (gained 1)
You see here a spear.
Key pressed, stopping explore.
A gnoll comes into view. It is wielding a halberd.
A gnoll is nearby!
A hobgoblin comes into view.
The hobgoblin shouts!
Found a stone staircase leading down.
The gnoll misses you. The gnoll hits you with a halberd.
You barely miss the gnoll.
Your tail-slap misses the gnoll.
The gnoll hits you with a halberd.
You closely miss the gnoll. The gnoll hits you with a halberd!
You die...

#...# #...# #.# #...#### #.#
#.....(# #.# #......# #.#
#......# ## #.# #.)....# ..
#.#
#......######.#.##########
................@gg......>
#......#.#########.#####.###
######## # #.## .. .######
#..####.#.. .##...#
#..g....... ..#...#
#...%...... ..#...#
#....##.... ..#...#
######...## ... ..#..[#
##.......##


You could see a gnoll and a hobgoblin.

Vanquished Creatures
  An ooze (D:1)
  A leopard gecko (D:1)
  2 bats (D:1)
  A goblin (D:1)
  3 hobgoblins (D:1)
  2 jackals (D:1)
  2 frilled lizards (D:1)
  4 kobolds (D:1)
  4 rats (D:1)
20 creatures vanquished.

Notes
Turn   | Place    | Note
-------+----------+-------------------------------------------
     0 | D:1      | KristoblXynda the Draconian Gladiator began the quest for the Orb.
     0 | D:1      | Reached XP level 1. HP: 17/17 MP: 1/1
    70 | D:1      | Reached XP level 2. HP: 13/24 MP: 2/2
   326 | D:1      | Slain by a gnoll

Vault maps used:
D:1:      dpeg_arrival_tiny_e, hangedman_decor_growths

Skill      XL: |  1  2 |
---------------+-------+-----
Throwing       | 2 |  2.1
Dodging        | 3 |  3.0
Fighting       | |  2.1
Long Blades    | |  3.6

Action                   || total
-------------------------++-------
Melee: Long sword        ||    40
       Tailslap          ||     3
Armor: Skin              ||    14
Dodge: Dodged            ||    47
       Rpst.: Long sword ||    13

Table legend:
 A = Spawn XP
 B = Non-spawn XP
 C = Spawn XP percentage of total XP
 D = Spawn monster count
 E = Non-spawn monster count
 F = Spawn count percentage of total count
 G = Total turns spent on level
                    A         B        C        D         E        F      G
               +---------+---------+-------+---------+---------+-------+---------
         Total |       0 |      37 |   0.0 |       0 |      20 |   0.0 |   326
               +---------+---------+-------+---------+---------+-------+---------
           D:1 |       0 |      37 |   0.0 |       0 |      20 |   0.0 |   326
               +---------+---------+-------+---------+---------+-------+---------
